 Dungeon Crawl Stone Soup version 0.30-a0-322-g102857c98e (webtiles) character file.

Game seed: 7949227347781333258

1532 jlumianski the Chopper (level 8, -1/63 HPs)
             Began as a Demonspawn Fighter on Oct 27, 2022.
             Shot with an arrow by something (6 damage)
             ... on level 6 of the Dungeon.
             The game lasted 00:23:44 (5428 turns).

jlumianski the Chopper (Demonspawn Fighter)         Turns: 5428, Time: 00:23:44

Health: -1/63      AC:  9    Str: 19    XL:     8   Next: 55%
Magic:  0/8        EV:  8    Int: 12    God:
Gold:   273        SH:  8    Dex: 12    Spells: 7/7 levels left

rFire   . . .      SeeInvis .    j - +0 broad axe
rCold   . . .      Faith    .    k - +3 warlock's mirror {reflect}
rNeg    . . .      Spirit   +    B - +0 chain mail
rPois   +          Reflect  +    (no helmet)
rElec   .          Harm     .    (no cloak)
rCorr   .          Rampage  .    (no gloves)
Will    .....                    (no boots)
Stlth   ..........               (no amulet)
HPRegen 0.30/turn                p - ring of flight
MPRegen 0.22/turn                s - ring of poison resistance

@: flying
A: claws 1, powered by pain 2, magic shield, magic regeneration, big brain 1
a: no special abilities


You were on level 6 of the Dungeon.
You visited 1 branch of the dungeon, and saw 6 of its levels.

You collected 293 gold pieces.
You spent 20 gold pieces at shops.

Inventory:

Hand Weapons
 a - a +0 war axe of chaos
 j - a +0 broad axe (weapon)
 t - a +0 flail of protection
Missiles
 l - 2 throwing nets
 y - 2 boomerangs (quivered)
Armour
 b - a +1 scale mail
 c - a +0 buckler
 k - the +3 warlock's mirror (worn) {reflect}
   (You acquired it on level 3 of the Dungeon)

   It can block and reflect piercing ranged attacks and magical attacks against
   the wielder's willpower.
 B - a +0 chain mail (worn)
Jewellery
 p - a ring of flight (left claw)
 r - a ring of magical power
 s - a ring of poison resistance (right claw)
 v - a ring of wizardry
 x - a ring of ice
Wands
 A - a wand of iceblast (8)
Scrolls
 q - a scroll of enchant armour
Potions
 d - a potion of might
 e - a potion of haste
 f - 2 potions of resistance
 g - a potion of heal wounds
 h - 2 potions of attraction
 i - 2 potions of ambrosia
 m - a potion of mutation
 n - a potion of lignification
 o - a potion of degeneration {unknown}
 u - a potion of brilliance {unknown}
 w - a potion of flight
 z - a potion of invisibility


   Skills:
 * Level 5.4 Fighting
 + Level 6.5 Axes
 + Level 5.2 Armour
 + Level 2.5 Dodging
 + Level 0.5 Stealth
 + Level 4.2 Shields


You had 7 spell levels left.
You didn't know any spells.
Your spell library contained the following spells:

 Spells                   Type           Power      Damage    Failure   Level
 Freeze                   Ice            0%         1d3       99%         1
 Frozen Ramparts          Ice            0%         1d1       100%        3
 Hailstorm                Conj/Ice       0%         3d3       100%        3


Dungeon Overview and Level Annotations

Branches:
Dungeon (6/15)
 Temple: D:4-7

Altars:

Shops:
D:2 [   D:4 *

Annotations:
D:6 Dowan, Duvessa


Innate Abilities, Weirdness & Mutations

You have sharp fingernails.
You sometimes gain power by taking damage.
When hurt, damage is shared between your health and your magic reserves.
You regenerate magic rapidly.
You have an unusually large brain. (Int +2)


Message History

Something kicks you but does no damage.
You completely miss something. Something hits you.
Something kicks you but does no damage. Something hits you but does no damage.
Something kicks you but does no damage.
You closely miss something. Something hits you but does no damage.
Something kicks you but does no damage. Something hits you.
Something kicks you but does no damage.
You closely miss something. Something hits you but does no damage.
Something kicks you but does no damage. Something hits you.
Something kicks you but does no damage.
You closely miss something. Something hits you but does no damage.
Something kicks you but does no damage. Something hits you.
Something kicks you but does no damage.
You slash something! Something hits you.
Something kicks you but does no damage. Something hits you but does no damage.
Something kicks you.
You closely miss something. Something hits you.
Something kicks you but does no damage. Something hits you but does no damage.
Something kicks you.
You miss something. Something hits you. Something kicks you but does no damage.
A shadow imp comes into view.
Something hits you but does no damage. Something kicks you.
You barely miss something.
The shadow imp shouts!
Something hits you but does no damage. Something kicks you but does no damage.
You hear a twanging sound.
An arrow appears from out of thin air!
The arrow hits you.
* * * LOW HITPOINT WARNING * * *
You hear a twanging sound.
An arrow appears from out of thin air!
You reflect the arrow off your +3 warlock's mirror {reflect}!
You hear a twanging sound.
An arrow appears from out of thin air!
The arrow hits you.
* * * LOW HITPOINT WARNING * * *
You hear a twanging sound.
An arrow appears from out of thin air!
The arrow hits you!
* * * LOW HITPOINT WARNING * * *
You hear a twanging sound.
An arrow appears from out of thin air!
The arrow hits you!
You die...

.....# ##.##
.....# ##..#
..#..# ##..##
###
#.#######..##
# .........##
..######..##
##..## ##..##
##@.## ##..##
##..# ##)#
#..#{# .....
#h# .......
#.# .......
#.# .....5.
..#


You could see a hound.

Vanquished Creatures
  Sigmund (D:5)
  A water moccasin (D:4)
  An ice beast (D:4)
  3 ogres
  2 centaurs (D:6)
  A bullfrog (D:6)
  Blork the orc (D:5)
  A howler monkey (D:5)
  2 hounds
  An orc priest (D:5)
  Jessica (D:3)
  5 iguanas
  3 orc wizards
  12 gnolls
  4 adders
  A shadow imp (D:6)
  An ufetubus (D:4)
  2 dart slugs
  14 orcs
  12 endoplasms
  A giant cockroach (D:1)
  7 goblins
  3 hobgoblins
  12 jackals (D:3)
  5 kobolds
  3 quokkas (D:1)
  11 ball pythons
  5 bats
  12 frilled lizards
  3 rats (D:3)
131 creatures vanquished.

Vanquished Creatures (others)
  10 plants
10 creatures vanquished.

Grand Total: 141 creatures vanquished

Notes
Turn   | Place    | Note
-------+----------+-------------------------------------------
     0 | D:1      | jlumianski the Demonspawn Fighter began the quest for the
                  | Orb.
     0 | D:1      | Reached XP level 1. HP: 18/18 MP: 1/1
   182 | D:1      | Reached skill level 2 in Axes
   182 | D:1      | Gained mutation: You regenerate magic rapidly. [demonic
                  | ancestry]
   182 | D:1      | Reached XP level 2. HP: 24/24 MP: 2/2
   239 | D:2      | Found Omyotah's Armour Shop.
   904 | D:2      | Gained mutation: You sometimes gain a little power by
                  | taking damage. [demonic ancestry]
   904 | D:2      | Reached XP level 3. HP: 29/29 MP: 3/3
  1310 | D:2      | Reached skill level 1 in Dodging
  1824 | D:4      | Gained mutation: You have sharp fingernails. [demonic
                  | ancestry]
  1824 | D:4      | Reached XP level 4. HP: 35/35 MP: 4/4
  1903 | D:3      | Noticed Jessica
  1910 | D:3      | Killed Jessica
  1911 | D:3      | Reached skill level 3 in Axes
  2198 | D:3      | Reached XP level 5. HP: 39/41 MP: 5/5
  2477 | D:3      | Identified a scroll of acquirement
  2477 | D:3      | Acquired the +3 warlock's mirror {reflect}
  2477 | D:3      | Found the +3 warlock's mirror {reflect}
  2531 | D:4      | Found Iviacour's General Store.
  2561 | D:4      | Bought a scroll of identify for 20 gold pieces
  2792 | D:4      | Reached skill level 4 in Axes
  2893 | D:5      | Entered Level 5 of the Dungeon
  2893 | D:5      | Noticed an ogre
  2897 | D:4      | Gained mutation: You sometimes gain power by taking damage.
                  | [demonic ancestry]
  2897 | D:4      | Reached XP level 6. HP: 48/48 MP: 6/6
  3477 | D:5      | Noticed Blork the orc
  3482 | D:5      | Noticed a water moccasin
  3559 | D:4      | Acquired a ring of poison resistance
  3584 | D:4      | Killed a water moccasin
  3584 | D:4      | HP: 1/48 [poisoned by a water moccasin]
  3585 | D:4      | Reached skill level 5 in Axes
  3585 | D:4      | Gained mutation: When hurt, damage is shared between your
                  | health and your magic reserves. [demonic ancestry]
  3585 | D:4      | Reached XP level 7. HP: 1/54 MP: 7/7
  3749 | D:5      | Killed Blork the orc
  4254 | D:5      | Noticed Sigmund
  4262 | D:5      | Killed Sigmund
  4350 | D:5      | Gained mutation: You have an unusually large brain. (Int
                  | +2) [demonic ancestry]
  4350 | D:5      | Reached XP level 8. HP: 61/61 MP: 8/8
  4351 | D:6      | Noticed Duvessa
  4351 | D:6      | Noticed Dowan
  4479 | D:4      | Reached skill level 6 in Axes
  4479 | D:4      | Reached skill level 5 in Armour
  5052 | D:6      | Reached skill level 5 in Fighting
  5428 | D:6      | Shot with an arrow by something

Illustrated notes

Levels and vault maps discovered:
D:1:      co_arrival_random_square_maze, layout_loops_ring, minmay_pentomino_z2
D:2:      layout_loops_ring, serial_shops, nicolae_shop_stone,
          minmay_lizard_king
D:3:      layout_loops_ring, minmay_fountain_box, uniq_jessica
D:4:      layout_loops_ring, serial_shops, shop
D:5:      layout_cave_pools, minmay_misc_feat_plants, uniq_blork_the_orc,
          uniq_sigmund
D:6:      layout_cave_pods, minmay_temple_entry_gardened_gates,
          chequers_serial_rivers_small_3, kennysheep_small_circle, uniq_duvessa

Skill      XL: |  1  2  3  4  5  6  7  8 |
---------------+-------------------------+-----
Axes           | 2 3 4 5 6 |  6.5
Armour         | 3 4 5 |  5.2
Dodging        | 1 2 |  2.5
Shields        | 3 4 |  4.2
Fighting       | 4 5 |  5.4
Stealth        | |  0.5

Action                   |  1- 3 |  4- 6 |  7- 9 || total
-------------------------+-------+-------+-------++-------
Melee: War axe           |   142 |   156 |     6 ||   304
       Broad axe         |       |       |   162 ||   162
  Use: Potion            |     2 |     1 |     3 ||     6
       Scroll            |     7 |     8 |     2 ||    17
 Stab: Petrifying        |       |     1 |       ||     1
Armor: Scale mail        |    72 |    48 |    39 ||   159
       Chain mail        |       |       |    73 ||    73
Dodge: Dodged            |    62 |    66 |    72 ||   200
Block: Buckler           |    28 |    41 |    80 ||   149
       Reflection        |       |       |    10 ||    10

Table legend: (Time is in decaauts)
 A = Elapsed time spent in this place.
 B = Non-inter-level travel time spent in this place.
 C = Inter-level travel time spent in this place.
 D = Time resting spent in this place.
 E = Time spent auto-exploring this place.
 F = Levels seen in this place.
 G = Mean time per level.
                   A        B        C        D        E       F      G
               +--------+--------+--------+--------+--------+-----+--------+
         Total |   5623 |   5520 |    103 |    956 |   2702 |   6 |  937.2 |
       Dungeon |   5623 |   5520 |    103 |    956 |   2702 |   6 |  937.2 |
               +--------+--------+--------+--------+--------+-----+--------+

Top non-repeatable levels by time:
     D:4: 1622 daAuts
     D:2: 943 daAuts
     D:1: 850 daAuts
     D:3: 780 daAuts
     D:5: 761 daAuts
     D:6: 664 daAuts
